 Dungeon Crawl Stone Soup version 0.22-a0-448-g1fb7470 (webtiles) character file.

17 KristoblXynda the Sneak (level 2, 0/22 HPs)
             Began as a Naga Enchanter on June 4, 2018.
             Slain by a hobgoblin
             ... wielding a +0 club
              (4 damage)
             ... on level 1 of the Dungeon.
             The game lasted 00:02:21 (954 turns).

KristoblXynda the Sneak (Naga Enchanter)             Turns: 954, Time: 00:02:21

Health: 0/22       AC:  1    Str: 10    XL:     2   Next: 62%
Magic:  5/5        EV: 10    Int: 15    God:
Gold:   8          SH:  0    Dex: 11    Spells: 2/5 levels left

rFire    . . .     SeeInvis +   c - +0 dagger (venom)
rCold    . . .     Gourm    .   (no shield)
rNeg     . . .     Faith    .   b - +0 robe
rPois    +         Spirit   .   (no helmet)
rElec    .         Reflect  .   (no cloak)
rCorr    .         Harm     .   (no gloves)
MR       .....                  (no barding)
Stlth    +++.......             (no amulet)
HPRegen  0.07/turn              (no ring)
MPRegen  0.09/turn              (no ring)

@: very slow
A: large, see invisible, deformed body, poison resistance, slowness 2, slow
metabolism 1, spit poison 1, AC +0
a: Spit Poison


You were on level 1 of the Dungeon.
You were not hungry.

You visited 1 branch of the dungeon, and saw 1 of its levels.

You collected 8 gold pieces.

Inventory:

Hand Weapons
 a - a +1 dagger
 c - a +0 dagger of venom (weapon)
 e - a +2 dagger of draining
Armour
 b - a +0 robe (worn)
Comestibles
 d - 5 rations


   Skills:
 - Level 1.0 Short Blades
 - Level 1.5 Dodging
 + Level 5.0 Stealth
 + Level 2.3 Spellcasting
 + Level 3.3 Hexes


You had 2 spell levels left.
You knew the following spells:

 Your Spells              Type           Power        Failure   Level  Hunger
a - Corona                Hex            ##.....      5%          1    #......
b - Ensorcelled Hibernat  Hex/Ice        #.....       17%         2    ###....

Your spell library contained the following spells:

 Spells                   Type           Power        Failure   Level  Hunger
 Confuse                  Hex            ##......     17%         3    ###....
 Tukima's Dance           Hex            ##......     17%         3    ###....
 Dazzling Spray           Conj/Hex       #.....       32%         3    ###....


Dungeon Overview and Level Annotations

Branches:
Dungeon (1/15)

Altars:


Innate Abilities, Weirdness & Mutations

You cannot wear boots.
Your serpentine skin is tough. (AC +0)
You have supernaturally acute eyesight. (SInv)
Armour fits poorly on your strangely shaped body.
Your system is resistant to poisons. (rPois)
You cover ground very slowly.
You have a slow metabolism.
You can spit poison.


Message History

You hit the bat.
The bat is severely wounded.
The bat misses you.
You hit the bat.
You kill the bat!
Your Stealth skill increases to level 5!
A hobgoblin comes into view. It is wielding a club.
Found a stone staircase leading down.
A hobgoblin is nearby!
The hobgoblin shouts!
You closely miss the hobgoblin. The hobgoblin hits you with a club!
You hit the hobgoblin.
The hobgoblin is poisoned.
The hobgoblin is moderately wounded.
The hobgoblin hits you with a club!
* * * LOW HITPOINT WARNING * * *
You hit the hobgoblin but do no damage.
The hobgoblin looks as sick as possible!
The hobgoblin is moderately wounded.
The hobgoblin hits you with a club.
You die...

######
#########.#
#.#.######
...... #.#
#.#.# ##.###
#.# #.#.#
#.# #.#.#
#.# #.#.# #
.#########.#
#.#.# ..
...........#
#.#.#### ##
.########..#
#.#....#
....>.g@...#
#.####.###
##..
.########.##
#.....>...
.... #.#
######.##.
###. #.#
##### ... ##
#.. ##≈ #...
#≈≈ #.# #≈§
# ≈≈≈


You could see a hobgoblin.

Vanquished Creatures
  2 goblins (D:1)
  2 hobgoblins (D:1)
  A ball python (D:1)
  4 bats (D:1)
  A frilled lizard (D:1)
  3 kobolds (D:1)
  6 rats (D:1)
19 creatures vanquished.

Notes
Turn   | Place    | Note
-------+----------+-------------------------------------------
     0 | D:1      | KristoblXynda the Naga Enchanter began the quest for the Orb.
     0 | D:1      | Reached XP level 1. HP: 15/15 MP: 3/3
   456 | D:1      | Reached XP level 2. HP: 19/22 MP: 5/5
   657 | D:1      | Learned a level 2 spell: Ensorcelled Hibernation
   948 | D:1      | Reached skill level 5 in Stealth
   954 | D:1      | Slain by a hobgoblin

Vault maps used:
D:1:      lightli_molten_gateway, grunt_decor_arrowhead

Skill      XL: |  1  2 |
---------------+-------+-----
Stealth        | 5 |  5.0
Short Blades   | |  1.0
Dodging        | |  1.5
Spellcasting   | |  2.3
Hexes          | |  3.3

Action                   || total
-------------------------++-------
Melee: Dagger            ||    54
 Abil: Spit Poison       ||     4
 Stab: Sleeping          ||     2
Armor: Robe              ||    17
Dodge: Dodged            ||    40

Table legend:
 A = Spawn XP
 B = Non-spawn XP
 C = Spawn XP percentage of total XP
 D = Spawn monster count
 E = Non-spawn monster count
 F = Spawn count percentage of total count
 G = Total turns spent on level
                    A         B        C        D         E        F      G
               +---------+---------+-------+---------+---------+-------+---------
         Total |       0 |      25 |   0.0 |       0 |      19 |   0.0 |   954
               +---------+---------+-------+---------+---------+-------+---------
           D:1 |       0 |      25 |   0.0 |       0 |      19 |   0.0 |   954
               +---------+---------+-------+---------+---------+-------+---------
